AoeStats
← LetsRogerThat

Arena

510733005Analyzed
1v1 RM · 1d ago on Oct 2, 2026· 36m 51s· 2 players
Game mode
Random Map
Map size
Tiny (2 player)
Population
200
Speed
Normal
Resources
Standard
Victory
Conquest
Starting age
Dark Age
Ending age
Imperial Age
RankedLock teamsTeams togetherTeam positionsShared explorationLock speedFull tech treeHidden civsTurbo modeCheats
Victory
Defeat
🇨🇦 Danes · Canada
1191
+15
🇨🇦 Varangians · Canada
1173
-15
cyningmearas
10:09 Feudal Age
14:05 Castle Age
12:56 Horse Collar
15:30 Double-Bit Axe
16:56 Bow Saw
18:00 Fletching
21:20 Loom
24:15 Wheelbarrow
36:27 Imperial Age
34:55 Scale Mail Armor
35:36 Forging
36:11 Chain Mail Armor
LetsRogerThat
9:55 Feudal Age
13:58 Castle Age
13:48 Double-Bit Axe
14:13 Loom
15:10 Bow Saw
20:48 Horse Collar
27:58 Bow Saw
28:27 Wheelbarrow
32:57 Imperial Age
30:45 Heavy Plow
31:17 Scale Mail Armor
31:28 Forging
32:28 Chain Mail Armor
33:27 Iron Casting
32:58 Squires
32:44 Arson
34:19 Plate Mail Armor
34:36 Conscription
Connection lost

Rejoining the realm…

Still unreachable

The connection could not be restored.

Session expired

The server has moved on; the page needs a fresh start.